[Event "Titled Tuesday Blitz November 29 Late 2022"]
[White "Szyszylo, Rafal"]
[Black "Harish, Neeraj"]
[WhiteFideId "1109626"]
[BlackFideId "30958130"]
[WhiteElo "1981"]
[BlackElo "1815"]
[Result "1-0"]
[Round "04"]
[TimeControl "180+1"]
[Date "2022.11.30"]
[WhiteClock "0:00:46"]
[BlackClock "0:00:02"]

1. e4 c5 2. Nf3 Nc6 3. Bb5 g6 4. O-O Bg7 5. c3 e5 6. d3 Nge7 7. Re1 O-O 8. a4 a6 9. Bc4 d5 10. exd5 Nxd5 11. Bg5 Nde7 12. Nbd2 h6 13. Be3 b6 14. Nf1 Kh7 15. d4 cxd4 16. cxd4 exd4 17. Bf4 Nd5 18. Bg3 Be6 19. Rc1 Rc8 20. Bxa6 Qd7 21. Bxc8 Rxc8 22. Ne5 Nxe5 23. Bxe5 Bxe5 24. Rxe5 Rxc1 25. Qxc1 Nb4 26. Qd2 Nc6 27. Re4 Bf5 28. Re1 d3 29. Ng3 Nd4 30. Nxf5 Qxf5 31. f3 Qc5 32. Kh1 Qc4 33. Qc3 Qxc3 34. bxc3 Nb3 35. Re7 Kg7 36. Rd7 Nc5 37. Rd4 Kf6 38. Kg1 Ke5 39. Kf2 f5 40. f4+ Ke6 41. Ke3 g5 42. g3 gxf4+ 43. Rxf4 Ke5 44. Rh4 d2 45. Kxd2 Ne4+ 46. Kd3 Nf2+ 47. Kc2 Ng4 48. h3 1-0


[Site "https://www.chess.com"]

[Event "Titled Tuesday Blitz November 29 Late 2022"]
[White "Tan, Ralph"]
[Black "Mathur, Rithwik"]
[WhiteFideId "30966590"]
[BlackFideId "30913667"]
[WhiteElo "2059"]
[BlackElo "2011"]
[Result "1-0"]
[Round "04"]
[TimeControl "180+1"]
[Date "2022.11.30"]
[WhiteClock "0:00:13"]
[BlackClock "0:00:02"]

1. Nf3 Nf6 2. g3 g6 3. Bg2 Bg7 4. O-O O-O 5. d4 d5 6. c4 dxc4 7. Na3 c3 8. bxc3 c5 9. Qb3 Nc6 10. Rd1 cxd4 11. cxd4 Na5 12. Qd3 Bf5 13. Qb5 a6 14. Qb4 Nc6 15. Qe1 Be4 16. Bb2 b5 17. Rac1 Rc8 18. Nb1 Nd5 19. Nbd2 Bxf3 20. Nxf3 Na5 21. e4 Nc4 22. Ba1 Ndb6 23. h4 Qd7 24. h5 Rfd8 25. d5 Bxa1 26. Rxa1 Qg4 27. h6 e6 28. dxe6 Qxe6 29. Nd4 Qf6 30. Nb3 Nb2 31. Rxd8+ Rxd8 32. Qe2 N6c4 33. Re1 Nd3 34. Rd1 Nde5 35. Rxd8+ Qxd8 36. f4 Qb6+ 37. Kh2 Nd7 38. e5 Nf8 39. Nd2 f6 40. Nxc4 bxc4 41. Qxc4+ Kh8 42. Qf7 1-0


[Site "https://www.chess.com"]

[Event "Titled Tuesday Blitz November 29 Late 2022"]
[White "Tarnowska, Aleksandra"]
[Black "Rose, Felix"]
[WhiteFideId "1180967"]
[BlackFideId "5105722"]
[WhiteElo "1776"]
[BlackElo "2039"]
[Result "0-1"]
[Round "04"]
[TimeControl "180+1"]
[Date "2022.11.30"]
[WhiteClock "0:00:01"]
[BlackClock "0:00:25"]

1. e4 c5 2. Nf3 e6 3. d4 cxd4 4. Nxd4 a6 5. Nc3 b5 6. Be3 Bb7 7. Bd3 Qc7 8. O-O Bd6 9. f4 Bc5 10. Qe2 h5 11. Kh1 Nf6 12. h3 b4 13. Na4 Nxe4 14. Bxe4 Bxe4 15. Nxc5 Qxc5 16. Nxe6 Qc6 17. Nd4 Qb7 18. f5 Nc6 19. Nxc6 Qxc6 20. Bd4 O-O-O 21. c3 bxc3 22. bxc3 Rde8 23. Qf2 h4 24. Rg1 Rh5 25. Rae1 Rxf5 26. Qxh4 Re6 27. Bxg7 Rg6 28. Qh8+ Kc7 29. Be5+ d6 30. Bh2 Bxg2+ 31. Rxg2 Qxg2# 0-1


[Site "https://www.chess.com"]

[Event "Titled Tuesday Blitz November 29 Late 2022"]
[White "Tirelli, Mauro"]
[Black "Perez Rodriguez, Jennifer"]
[WhiteFideId "845353"]
[BlackFideId "3507831"]
[WhiteElo "2166"]
[BlackElo "2170"]
[Result "1-0"]
[Round "04"]
[TimeControl "180+1"]
[Date "2022.11.30"]
[WhiteClock "0:00:04"]
[BlackClock "0:00:10"]

1. d4 d5 2. c4 c6 3. Nf3 Nf6 4. Nc3 e6 5. Bg5 Nbd7 6. e3 Qa5 7. Nd2 dxc4 8. Bxf6 Nxf6 9. Nxc4 Qc7 10. Be2 Be7 11. O-O O-O 12. Rc1 Bd7 13. Qc2 Rad8 14. Rfd1 Bc8 15. a3 Rfe8 16. b4 Nd5 17. Ne4 Nb6 18. Ne5 f6 19. Nd3 Nd5 20. Nec5 Bd6 21. g3 e5 22. dxe5 Bxe5 23. Nxe5 Qxe5 24. Bc4 Kh8 25. Qd3 Bg4 26. Rd2 b6 27. Nb3 Bf3 28. Nd4 Be4 29. Nxc6 Qf5 30. Qe2 Nf4 31. exf4 Bxc6 32. Rxd8 Rxd8 33. Be6 Qe4 34. Qxe4 Bxe4 35. Rc8 Rxc8 36. Bxc8 Kg8 37. Kf1 Kf7 38. Ke2 Ke7 39. Ke3 Bd5 40. Bf5 g6 41. Bd3 Kd6 42. Kd4 Bf3 43. h4 f5 44. Bc4 h6 45. Bf7 Bh5 46. Ke3 Ke7 47. Bd5 Bd1 48. Bf3 Bb3 49. h5 gxh5 50. Bxh5 Kf6 51. Kd4 Ba2 52. Bf3 Bb3 53. Bd5 Bd1 54. Bc4 Bf3 55. Bd5 Bd1 56. Bb7 Bb3 57. Bc8 a5 58. bxa5 bxa5 59. Kc5 Bc2 60. Kb5 a4 61. Kb4 Ke7 62. Bb7 Kd6 63. Ba6 Kd5 64. Bb5 Ke4 65. Bxa4 Bb1 66. Bc6+ Kd3 67. a4 Ke2 68. a5 Bd3 69. Bb5 Bxb5 70. Kxb5 Kxf2 71. a6 Kxg3 72. a7 h5 73. a8=Q h4 74. Qg8+ Kxf4 75. Qg2 Ke3 76. Kc4 f4 77. Qg1+ Ke2 78. Qg2+ Ke3 79. Qh3+ f3 80. Qxh4 Ke2 81. Kd4 f2 82. Qg4+ Ke1 83. Qe4+ Kd1 84. Qh1+ Ke2 85. Qe4+ Kd1 86. Qd3+ Ke1 87. Qe3+ Kf1 88. Kd3 Kg1 89. Qg3+ Kh1 90. Qh3+ Kg1 91. Qg3+ Kh1 92. Qh3+ Kg1 93. Ke2 f1=Q+ 94. Qxf1+ Kh2 95. Qf5 Kg1 96. Qg6+ Kh2 97. Kf2 1-0


[Site "https://www.chess.com"]

[Event "Titled Tuesday Blitz November 29 Late 2022"]
[White "Torres Dominguez, David"]
[Black "Stanisz, Patryk"]
[WhiteFideId "2220857"]
[BlackFideId "1123106"]
[WhiteElo "2037"]
[BlackElo "2069"]
[Result "1-0"]
[Round "04"]
[TimeControl "180+1"]
[Date "2022.11.30"]
[WhiteClock "0:00:31"]
[BlackClock "0:00:02"]

1. e4 c5 2. Nf3 Nc6 3. d4 cxd4 4. Nxd4 Nf6 5. Nxc6 bxc6 6. Bd3 e5 7. Nd2 d5 8. O-O Be7 9. Re1 d4 10. Nc4 Qc7 11. Bd2 O-O 12. Ba5 Qb8 13. Qd2 Be6 14. Rad1 Nh5 15. b3 Nf4 16. Bf1 Kh8 17. g3 Ng6 18. Nb2 Bg4 19. Rc1 h6 20. Bg2 Bg5 21. f4 exf4 22. h4 Bf6 23. e5 Nxe5 24. Qxf4 Qb5 25. Bd2 Be6 26. a4 Qb8 27. Kh1 Ng4 28. Bxc6 Qxf4 29. Bxf4 Rac8 30. Bb7 Rcd8 31. Nd3 Bd5+ 32. Bxd5 Rxd5 33. Re2 Rc8 34. Rce1 Kh7 35. Re8 Rxc2 36. Nb4 Nf2+ 37. Kg1 Nh3+ 38. Kh1 Nf2+ 39. Kg2 Nd3+ 40. Nxc2 Nxe1+ 41. Nxe1 d3 42. Bd2 Rc5 43. Nxd3 Rd5 44. Re3 Bd4 45. Rf3 Bb6 46. Bc3 f6 47. a5 Bc7 48. b4 Bd6 49. Re3 h5 50. Kf3 g5 51. hxg5 fxg5 52. Bf6 Kg6 53. Bd8 Rf5+ 54. Ke4 Re5+ 55. Nxe5+ 1-0


[Site "https://www.chess.com"]

[Event "Titled Tuesday Blitz November 29 Late 2022"]
[White "Tristan, Leonardo"]
[Black "Savic, Miroslav"]
[WhiteFideId "113816"]
[BlackFideId "14508494"]
[WhiteElo "2461"]
[BlackElo "2209"]
[Result "1-0"]
[Round "04"]
[TimeControl "180+1"]
[Date "2022.11.30"]
[WhiteClock "0:00:45"]
[BlackClock "0:00:01"]

1. d4 Nf6 2. Nf3 e6 3. Bf4 c5 4. e3 Qb6 5. Na3 a6 6. Nc4 Qd8 7. Nd6+ Bxd6 8. Bxd6 Qa5+ 9. c3 cxd4 10. exd4 Ne4 11. Ba3 Nc6 12. Qc2 d5 13. Bd3 f5 14. O-O b5 15. Ne5 Nxe5 16. dxe5 Bb7 17. Qe2 g6 18. Qe3 h6 19. h4 g5 20. Bxe4 dxe4 21. hxg5 O-O-O 22. Bd6 hxg5 23. b4 Qa3 24. Qc5+ 1-0


[Site "https://www.chess.com"]

[Event "Titled Tuesday Blitz November 29 Late 2022"]
[White "Tworuszka, Michal"]
[Black "Maatman, Nick"]
[WhiteFideId "1117858"]
[BlackFideId "1040391"]
[WhiteElo "2425"]
[BlackElo "2648"]
[Result "0-1"]
[Round "04"]
[TimeControl "180+1"]
[Date "2022.11.30"]
[WhiteClock "0:00:12"]
[BlackClock "0:01:16"]

1. e4 c6 2. d4 d5 3. Nc3 dxe4 4. Nxe4 Nf6 5. Nxf6+ exf6 6. Be3 Na6 7. Bd3 Nb4 8. Be4 Bd6 9. Ne2 O-O 10. O-O Re8 11. Nc3 f5 12. Bf3 f4 13. Bc1 Bf5 14. Ne2 Nxc2 15. Rb1 Nxd4 16. Qxd4 Bxb1 17. Nxf4 Bxa2 18. b3 Bxf4 19. Qxf4 Bxb3 20. Bb2 Re6 21. Qb4 Bd5 22. Rd1 b6 23. h4 a5 24. Qd4 f6 25. h5 h6 26. Qg4 Rd6 27. Ba3 Bxf3 0-1


[Site "https://www.chess.com"]

[Event "Titled Tuesday Blitz November 29 Late 2022"]
[White "Vlassov, Nikolai"]
[Black "Brown, Andrew"]
[WhiteFideId "4103360"]
[BlackFideId "3206513"]
[WhiteElo "2324"]
[BlackElo "2245"]
[Result "1-0"]
[Round "04"]
[TimeControl "180+1"]
[Date "2022.11.30"]
[WhiteClock "0:00:13"]
[BlackClock "0:00:02"]

1. e4 g6 2. Nc3 Bg7 3. h4 h5 4. Nf3 c6 5. Bc4 b5 6. Bb3 a5 7. a4 b4 8. Ne2 d5 9. Ng5 e6 10. d4 Ba6 11. Be3 Nd7 12. Nf4 Qe7 13. Qd2 Ngf6 14. f3 O-O 15. e5 Nh7 16. Nxh7 Kxh7 17. g4 c5 18. c3 Rab8 19. Bc2 bxc3 20. bxc3 cxd4 21. cxd4 Qb4 22. gxh5 Qxd2+ 23. Bxd2 Rfc8 24. hxg6+ Kh8 25. Bd1 Nxe5 26. dxe5 Bxe5 27. Ra2 Bc4 28. Rc2 Rb1 29. Kf2 Kg7 30. gxf7 Kxf7 31. Re1 Bf6 32. Ng2 Rg8 33. Be2 Bd4+ 34. Be3 Rxe1 35. Nxe1 Bf6 36. Bxc4 Bxh4+ 37. Ke2 dxc4 38. Rxc4 Be7 39. Nd3 Rb8 40. Ne5+ Kg8 41. Nc6 Rb2+ 42. Kd3 Bb4 43. Nxb4 axb4 44. a5 b3 45. a6 Ra2 46. a7 b2 47. Rb4 Kf7 48. Kc2 1-0


[Site "https://www.chess.com"]

[Event "Titled Tuesday Blitz November 29 Late 2022"]
[White "Ward, Ieuan C"]
[Black "Curtis, John"]
[WhiteFideId "406627"]
[BlackFideId "3200256"]
[WhiteElo "2291"]
[BlackElo "2203"]
[Result "0-1"]
[Round "04"]
[TimeControl "180+1"]
[Date "2022.11.30"]
[WhiteClock "0:00:21"]
[BlackClock "0:01:32"]

1. d4 Nf6 2. c4 g6 3. Nc3 d5 4. cxd5 Nxd5 5. e4 Nxc3 6. bxc3 Bg7 7. Nf3 O-O 8. Rb1 c5 9. d5 b6 10. Be2 Bxc3+ 11. Bd2 Bxd2+ 12. Qxd2 e6 13. h4 exd5 14. exd5 Re8 15. O-O Rxe2 16. Qxe2 Ba6 17. Qe4 Bxf1 18. Rxf1 Nd7 19. Rd1 Nf6 20. Qc4 Qd6 21. Ng5 Re8 22. g3 Re5 23. Qa6 Rxd5 24. Rxd5 Qxd5 25. Qxa7 h6 26. Qxb6 hxg5 27. Qxf6 gxh4 28. gxh4 Qxa2 29. h5 Qb1+ 30. Kh2 Qf5 31. Qd8+ Kg7 32. h6+ Kxh6 33. Qf8+ 0-1


[Site "https://www.chess.com"]

[Event "Titled Tuesday Blitz November 29 Late 2022"]
[White "Weisz, Bryan"]
[Black "Droin, Augustin"]
[WhiteFideId "30934133"]
[BlackFideId "45105987"]
[WhiteElo "2284"]
[BlackElo "2316"]
[Result "1-0"]
[Round "04"]
[TimeControl "180+1"]
[Date "2022.11.30"]
[WhiteClock "0:00:13"]
[BlackClock "0:01:24"]

1. e4 c5 2. Nf3 d6 3. d4 cxd4 4. Nxd4 Nf6 5. Nc3 e5 6. Bb5+ Nbd7 7. Nf5 a6 8. Ba4 b5 9. Bb3 Nc5 10. Bg5 Bxf5 11. exf5 Be7 12. Nd5 Nxd5 13. Qxd5 O-O 14. Bxe7 Qxe7 15. O-O-O Rfd8 16. Kb1 a5 17. c3 Rab8 18. g4 a4 19. Bc2 b4 20. cxb4 Rxb4 21. Rhg1 Rdb8 22. Ka1 Rxb2 23. Rb1 Rxb1+ 24. Rxb1 Rxb1+ 25. Kxb1 Qd8 26. g5 h6 27. g6 Qe8 28. Qxd6 Qf8 29. gxf7+ Kxf7 30. Qxe5 Kg8 31. Be4 a3 32. Bd5+ Kh8 33. Ka1 Nd7 34. Qe6 Qb8 35. Bb3 Nc5 36. Qe3 Nxb3+ 37. axb3 Qc8 38. Ka2 Qxf5 39. Kxa3 Qh5 40. h3 Qa5+ 41. Kb2 h5 42. Qc3 Qf5 43. Qe3 g5 44. Qe8+ Kg7 45. Qxh5 Qxf2+ 46. Kc3 Qc5+ 47. Kb2 Qe5+ 48. Kc2 Qf4 49. Qg4 Qf2+ 50. Kc3 Kf6 51. Qd4+ Qxd4+ 52. Kxd4 Kf5 53. b4 Kf4 54. b5 Kg3 55. b6 Kxh3 56. b7 g4 57. b8=Q g3 58. Qh8+ Kg2 59. Ke3 Kf1 60. Qf6+ Kg1 61. Kf3 g2 62. Qa1+ Kh2 63. Qb2 Kh3 64. Qxg2+ Kh4 65. Qg4# 1-0


[Site "https://www.chess.com"]

[Event "Titled Tuesday Blitz November 29 Late 2022"]
[White "Wieczorek, Zbigniew"]
[Black "Mladenovic, Stefan"]
[WhiteFideId "1102001"]
[BlackFideId "942227"]
[WhiteElo "2321"]
[BlackElo "2337"]
[Result "0-1"]
[Round "04"]
[TimeControl "180+1"]
[Date "2022.11.30"]
[WhiteClock "0:00:02"]
[BlackClock "0:01:59"]

1. Nf3 Nf6 2. c4 e6 3. Nc3 d5 4. d4 Bb4 5. e3 O-O 6. cxd5 exd5 7. Bd2 c6 8. Bd3 Bg4 9. h3 Bh5 10. Ne2 Bd6 11. Qc2 Qe7 12. g4 Bg6 13. Bxg6 hxg6 14. Nc3 Ne4 15. h4 Nd7 16. Nxe4 dxe4 17. Ng5 Nf6 18. h5 Nxg4 19. Nxe4 gxh5 20. Rxh5 g6 21. Rh1 Bb4 22. Rg1 Bxd2+ 23. Kxd2 f5 24. Nc5 Kg7 0-1


[Site "https://www.chess.com"]

[Event "Titled Tuesday Blitz November 29 Late 2022"]
[White "Winkels, Marcel"]
[Black "Kaganskiy, Gleb"]
[WhiteFideId "1003887"]
[BlackFideId "4132025"]
[WhiteElo "1900"]
[BlackElo "2165"]
[Result "0-1"]
[Round "04"]
[TimeControl "180+1"]
[Date "2022.11.30"]
[WhiteClock "0:00:58"]
[BlackClock "0:01:18"]

1. e4 e5 2. Nf3 Nf6 3. Bc4 Nc6 4. Ng5 d5 5. exd5 Na5 6. Bb5+ c6 7. dxc6 bxc6 8. Bd3 Nd5 9. Ne4 Be7 10. O-O Nf4 11. Nbc3 O-O 12. b3 Nxd3 13. cxd3 Qxd3 14. Bb2 f5 15. Ng3 f4 16. Nge4 f3 17. Qb1 Ba6 18. Qxd3 Bxd3 19. Rfe1 fxg2 20. Kxg2 Rad8 21. Re3 c5 22. Rf3 Rxf3 23. Kxf3 Nc6 24. Ke3 Ba6 25. Rg1 Rd3+ 26. Ke2 Rg3+ 0-1


[Site "https://www.chess.com"]

[Event "Titled Tuesday Blitz November 29 Late 2022"]
[White "Wirig, Anthony"]
[Black "Abdrlauf, Elham"]
[WhiteFideId "615013"]
[BlackFideId "1533533"]
[WhiteElo "2487"]
[BlackElo "2447"]
[Result "0-1"]
[Round "04"]
[TimeControl "180+1"]
[Date "2022.11.30"]
[WhiteClock "0:00:02"]
[BlackClock "0:00:03"]

1. d4 Nf6 2. Bg5 e6 3. e3 c5 4. c3 Nc6 5. Nd2 b6 6. Bd3 Bb7 7. Ngf3 Be7 8. O-O Nd5 9. Bxe7 Qxe7 10. a3 O-O 11. Qe2 f5 12. Ba6 Bxa6 13. Qxa6 Kh8 14. Rac1 Nf6 15. b4 Ne4 16. Rfd1 Rf6 17. dxc5 bxc5 18. b5 Nd8 19. Nxe4 fxe4 20. Ne5 d5 21. c4 Qc7 22. f4 exf3 23. Nxf3 e5 24. Qa4 d4 25. exd4 exd4 26. b6 Qc6 27. Qxc6 Nxc6 28. b7 Rb8 29. Rb1 Rf7 30. Rb5 Rfxb7 31. Rxc5 Rb6 32. Nxd4 Nxd4 33. Rxd4 Rb1+ 34. Kf2 R1b2+ 35. Kg3 R8b3+ 36. Kf4 h6 37. g4 Rxa3 38. h4 Rf2+ 39. Ke4 Rf8 40. Re5 a5 41. g5 hxg5 42. hxg5 Kh7 43. c5 a4 44. Rc4 Ra1 45. Kd4 a3 46. Kc3 Rf3+ 47. Kb4 a2 0-1


[Site "https://www.chess.com"]

[Event "Titled Tuesday Blitz November 29 Late 2022"]
[White "Yanchenko, Roman"]
[Black "Abasov, Nijat"]
[WhiteFideId "4137329"]
[BlackFideId "13402960"]
[WhiteElo "2489"]
[BlackElo "2546"]
[Result "1/2-1/2"]
[Round "04"]
[TimeControl "180+1"]
[Date "2022.11.30"]
[WhiteClock "0:00:40"]
[BlackClock "0:00:16"]

1. d4 Nf6 2. c4 e6 3. Nf3 b6 4. e3 Bb7 5. Be2 Be7 6. O-O O-O 7. b3 c5 8. dxc5 bxc5 9. Bb2 d6 10. Nc3 Nc6 11. Qd2 a6 12. Rfd1 Qc7 13. Bd3 Rfd8 14. Ne4 Ne8 15. Qe2 h6 16. Ng3 Bf6 17. Nh5 Bxb2 18. Qxb2 Qe7 19. Rd2 Rd7 20. Rad1 Rad8 21. h3 g6 22. Nf4 Qf6 23. Qxf6 Nxf6 24. Bb1 Kf8 25. Ne2 Ke7 26. Nc3 Na7 27. Ne1 Bc6 28. Nd3 Rb8 29. f3 Nc8 30. Kf2 a5 31. Bc2 Ne8 32. a4 Rdb7 33. Nb5 Bxb5 34. axb5 Nb6 35. Nb2 Ra7 36. Na4 Nxa4 37. bxa4 Rd7 38. f4 Nc7 39. Be4 Rdd8 40. Bc6 Na8 41. Bxa8 Rxa8 42. e4 Rab8 43. Ke3 f6 44. e5 dxe5 45. fxe5 f5 46. Rxd8 Rxd8 47. Rxd8 Kxd8 48. Kf4 g5+ 49. Kf3 Kc7 50. h4 g4+ 51. Kg3 Kb6 52. h5 Kc7 53. Kf4 Kb6 54. g3 Kc7 55. Ke3 Kb6 56. Kf4 Kc7 57. Ke3 Kb6 58. Kf4 1/2-1/2


[Site "https://www.chess.com"]

[Event "Titled Tuesday Blitz November 29 Late 2022"]
[White "Yi, Richard"]
[Black "Caruana, Fabiano"]
[WhiteFideId "2079518"]
[BlackFideId "2020009"]
[WhiteElo "2147"]
[BlackElo "2847"]
[Result "0-1"]
[Round "04"]
[TimeControl "180+1"]
[Date "2022.11.30"]
[WhiteClock "0:00:02"]
[BlackClock "0:00:34"]

1. d4 d6 2. e4 g6 3. Nc3 Bg7 4. f4 c6 5. Nf3 b5 6. Bd3 Nd7 7. O-O b4 8. Ne2 Ngf6 9. e5 Nd5 10. c4 bxc3 11. bxc3 O-O 12. Qe1 a5 13. Rb1 N7b6 14. a3 Ba6 15. Bxa6 Rxa6 16. Ng3 Nc4 17. Qe2 Rb6 18. Rxb6 Ndxb6 19. f5 dxe5 20. dxe5 Qd5 21. Re1 Rd8 22. Bg5 Qc5+ 23. Kh1 h6 24. Bc1 Bxe5 25. fxg6 fxg6 26. Bxh6 Qd5 27. Ne4 Bh8 28. Neg5 Bf6 29. Ne6 Rd6 30. Nf4 Qf5 31. Nh4 Bxh4 32. Rf1 Bf6 33. g4 Qd7 34. Nxg6 Re6 35. Qc2 Qd5+ 36. Kg1 Qe4 37. Qd1 Qxg6 38. g5 Nd6 39. Kh1 Bg7 40. Qf3 Qe4 0-1


[Site "https://www.chess.com"]

[Event "Titled Tuesday Blitz November 29 Late 2022"]
[White "Yoo, Christopher Woojin"]
[Black "Khandelwal, Ankush"]
[WhiteFideId "30909694"]
[BlackFideId "413470"]
[WhiteElo "2463"]
[BlackElo "2271"]
[Result "1-0"]
[Round "04"]
[TimeControl "180+1"]
[Date "2022.11.30"]
[WhiteClock "0:00:02"]
[BlackClock "0:00:01"]

1. c4 Nf6 2. Nc3 g6 3. g3 Bg7 4. Bg2 O-O 5. e4 d6 6. Nge2 c5 7. O-O Nc6 8. d3 a6 9. Be3 Rb8 10. a4 e5 11. f4 Nd4 12. h3 Nh5 13. Kh2 exf4 14. gxf4 Nxe2 15. Qxe2 Bd7 16. Bf3 Qh4 17. Bxh5 Qxh3+ 18. Kg1 gxh5 19. Rf3 Qh4 20. Qg2 Kh8 21. Bf2 Bd4 22. Ne2 Rg8 23. Rg3 Rxg3 24. Bxd4+ cxd4 25. Nxg3 Rg8 26. Kf2 Qxf4+ 27. Qf3 Qd2+ 28. Ne2 Qg5 29. Rg1 Bg4 30. Qf4 Qh4+ 31. Rg3 Qh2+ 32. Rg2 Qh4+ 33. Ng3 Qe7 34. Rh2 Rg6 35. Nxh5 Qe6 36. Rh4 b5 37. axb5 axb5 38. cxb5 Bd1 39. Ng3 Qb3 40. Qd2 Bc2 41. Nf5 Bxd3 42. Nxd4 1-0


[Site "https://www.chess.com"]

[Event "Titled Tuesday Blitz November 29 Late 2022"]
[White "Young, Ryan"]
[Black "Arnold, Ken"]
[WhiteFideId "2049945"]
[BlackFideId "2056836"]
[WhiteElo "2301"]
[BlackElo "2368"]
[Result "0-1"]
[Round "04"]
[TimeControl "180+1"]
[Date "2022.11.30"]
[WhiteClock "0:00:12"]
[BlackClock "0:00:06"]

1. e4 c6 2. Nf3 d5 3. Nc3 dxe4 4. Nxe4 Nf6 5. Qe2 e6 6. d4 Nbd7 7. Bf4 Nxe4 8. Qxe4 Nf6 9. Qd3 Nd5 10. Bg3 Qb6 11. O-O-O Be7 12. Kb1 a5 13. Ne5 a4 14. Nc4 Qd8 15. Be2 O-O 16. h4 b5 17. Ne5 Ba6 18. Nxc6 Qb6 19. Nxe7+ Nxe7 20. Qd2 b4 21. Bxa6 Rxa6 22. h5 Nd5 23. Ka1 h6 24. Qe2 Rc8 25. Rc1 a3 26. b3 Qxd4+ 27. c3 Rxc3 28. Kb1 Rxc1+ 29. Rxc1 Nc3+ 30. Rxc3 Qxc3 31. Be5 Qc6 32. Qg4 f6 33. Bxf6 Ra7 34. Be5 Rf7 35. f3 Qd5 36. Qd4 Qxd4 37. Bxd4 Rd7 38. Bc5 Rd2 39. Bxb4 Rb2+ 40. Ka1 Rxg2 41. Bxa3 Rf2 42. Bb4 Rxf3 43. Kb2 Kf7 44. a3 Ke8 45. a4 Kd7 46. Bc3 Rg3 47. a5 Kc6 48. b4 Kb5 49. Kb3 e5 50. Kc2 e4 51. Bd4 g6 52. hxg6 Rxg6 53. Bc5 Rg3 54. Kd2 h5 55. Ke2 Rf3 56. Be7 Rd3 57. Kf2 h4 58. Bxh4 Kxb4 59. Bf6 Kc4 60. Ke2 Kd5 61. Bd8 Ra3 62. Bb6 Kc4 63. Kf2 Kd5 64. Ke2 Ke5 65. Bc7+ Kf5 66. Bb6 Ra2+ 67. Ke3 Ra3+ 68. Ke2 Rd3 69. a6 Ra3 70. a7 Ke6 71. Kd2 Kd5 72. Ke2 Kc6 73. Bg1 Kb7 74. Bf2 Rd3 75. Ke1 e3 76. Bg1 Ra3 77. Ke2 Ra1 78. Bxe3 Rxa7 79. Kf3 Ra4 80. Ke2 Kc6 81. Kd3 Kd5 82. Bd2 Ra3+ 83. Kc2 Kc4 84. Bc1 Ra2+ 85. Kb1 Kb3 86. Bh6 Rh2 87. Be3 Rh1+ 88. Bc1 Rg1 89. Ka1 Rxc1# 0-1


[Site "https://www.chess.com"]

[Event "Titled Tuesday Blitz November 29 Late 2022"]
[White "Zeman, Matyas"]
[Black "Kuzmicz, Krystian"]
[WhiteFideId "364398"]
[BlackFideId "1119125"]
[WhiteElo "2254"]
[BlackElo "2380"]
[Result "0-1"]
[Round "04"]
[TimeControl "180+1"]
[Date "2022.11.30"]
[WhiteClock "0:00:05"]
[BlackClock "0:00:33"]

1. d4 g6 2. Nf3 Bg7 3. Nbd2 c5 4. d5 d6 5. e4 e6 6. Bb5+ Bd7 7. Bxd7+ Qxd7 8. dxe6 Qxe6 9. O-O Ne7 10. c3 Nbc6 11. Qb3 O-O-O 12. Re1 h6 13. Nc4 g5 14. Ne3 Rhe8 15. Bd2 Qxb3 16. axb3 d5 17. exd5 Nxd5 18. Nxd5 Rxe1+ 19. Rxe1 Rxd5 20. Be3 b6 21. g4 f5 22. gxf5 Rxf5 23. Nd2 Rd5 24. Nc4 Kb7 25. Kf1 b5 26. Nd2 b4 27. Rc1 Ne5 28. Ne4 Nd7 29. Ke2 a5 30. Rd1 Kc6 31. f3 Rxd1 32. Kxd1 Kd5 33. c4+ Kc6 34. Kc2 Be5 35. h3 Bd6 36. Kd3 Ne5+ 37. Ke2 Ng6 38. Nf6 Be5 39. Ng4 Bg7 40. Kd3 h5 41. Nf2 Ne5+ 42. Ke4 Nf7 43. Nd3 Nd6# 0-1


[Site "https://www.chess.com"]

[Event "Titled Tuesday Blitz November 29 Late 2022"]
[White "chess50years"]
[Black "Haszon, David"]
[BlackFideId "733610"]
[WhiteElo "2145"]
[BlackElo "2211"]
[Result "0-1"]
[Round "04"]
[TimeControl "180+1"]
[Date "2022.11.30"]
[WhiteClock "0:00:15"]
[BlackClock "0:00:53"]

1. d4 Nf6 2. c4 c5 3. d5 b5 4. cxb5 a6 5. bxa6 d6 6. Nc3 g6 7. e4 Qa5 8. Bd2 Nxa6 9. Bb5+ Bd7 10. Bxd7+ Nxd7 11. Nf3 Bg7 12. O-O O-O 13. Qe2 Rfb8 14. Rab1 Qc7 15. Nb5 Qb6 16. a4 Nc7 17. Nxc7 Qxc7 18. b3 Rb6 19. Bg5 Kf8 20. Nd2 Qb7 21. h3 Rb4 22. Be3 Nf6 23. f3 Nh5 24. Qd3 Ng3 25. Rfc1 Bf6 26. Rc4 Rb6 27. Bh6+ Kg8 28. Bf4 Nh5 29. Be3 Bg7 30. Qc2 Nf6 31. Bg5 h6 32. Be3 Nd7 33. f4 Rb4 34. Rxb4 Qxb4 35. Qc4 Qa5 36. Qb5 Qc3 37. Qc4 Qxe3+ 38. Kh1 Qxd2 0-1


[Site "https://www.chess.com"]

[Event "Titled Tuesday Blitz November 29 Late 2022"]
[White "Abasov, Nijat"]
[Black "Pakleza, Zbigniew"]
[WhiteFideId "13402960"]
[BlackFideId "1119290"]
[WhiteElo "2546"]
[BlackElo "2411"]
[Result "0-1"]
[Round "05"]
[TimeControl "180+1"]
[Date "2022.11.30"]
[WhiteClock "0:00:19"]
[BlackClock "0:00:27"]

1. d4 d5 2. Nf3 Nf6 3. Bf4 c5 4. e3 Nc6 5. Nbd2 e6 6. c3 Bd6 7. Bg3 O-O 8. Bd3 Qe7 9. O-O e5 10. dxe5 Nxe5 11. Nxe5 Bxe5 12. Re1 Bxg3 13. hxg3 Be6 14. Qf3 Rfd8 15. Qf4 Rac8 16. Nf3 h6 17. e4 dxe4 18. Bxe4 Nxe4 19. Qxe4 Qc7 20. c4 Qc6 21. Qf4 Qc7 22. Re5 Rd7 23. Rae1 Rcd8 24. Kh2 b6 25. b3 Qd6 26. R1e2 Qd3 27. g4 Qg6 28. Kg3 Rd3 29. g5 hxg5 30. Rxg5 Qh6 31. Ree5 R8d4 32. Qc1 Qh4# 0-1


[Site "https://www.chess.com"]

[Event "Titled Tuesday Blitz November 29 Late 2022"]
[White "Abdrlauf, Elham"]
[Black "Albornoz Cabrera, Carlos Daniel"]
[WhiteFideId "1533533"]
[BlackFideId "3518736"]
[WhiteElo "2447"]
[BlackElo "2497"]
[Result "1-0"]
[Round "05"]
[TimeControl "180+1"]
[Date "2022.11.30"]
[WhiteClock "0:00:07"]
[BlackClock "0:00:08"]

1. e4 c5 2. Nf3 Nc6 3. d4 cxd4 4. Nxd4 Nf6 5. Nc3 e5 6. Nde2 Bc5 7. Ng3 d6 8. Na4 Bb4+ 9. c3 Ba5 10. b4 Bc7 11. Bd3 O-O 12. O-O d5 13. Bg5 d4 14. b5 Ne7 15. cxd4 Qxd4 16. Be3 Qd8 17. Rc1 Ng6 18. Qc2 Bd6 19. Rfd1 Qe7 20. b6 Ng4 21. Bc5 Nf4 22. Bf1 Bxc5 23. Qxc5 Qxc5 24. Rxc5 Ne6 25. Ra5 Nd4 26. h3 Nc6 27. Rc5 Nf6 28. Bb5 Nd4 29. Rxe5 Nxb5 30. Rxb5 Bd7 31. Rb4 Bxa4 32. Rxa4 axb6 33. Rxa8 Rxa8 34. e5 Ne8 35. Nf5 g6 36. Ne3 Nc7 37. Rd7 Ne6 38. Rxb7 Rxa2 39. Rxb6 h5 40. h4 Kg7 41. g3 Nd4 42. Kg2 Ra5 43. Rd6 Ne6 44. f4 Ra2+ 45. Kf3 Ra3 46. Rd7 Nc5 47. Rd4 Ne6 48. Rd5 Nc7 49. Rd7 Ne6 50. Ke2 Ra2+ 51. Rd2 Ra3 52. Kf2 Nc5 53. Re2 Ne4+ 54. Kg2 Nc3 55. Rc2 Ne4 56. Nf1 Rd3 57. Re2 Nc5 58. Rd2 Rc3 59. Re2 Ra3 60. Nd2 Nd3 61. Ne4 Nc1 62. Rd2 Nd3 63. Ng5 Nc5 64. Rd5 Ra2+ 65. Kf1 Nb3 66. Rd7 Nd2+ 67. Ke1 Nc4 68. e6 Kg8 69. Rd8+ Kg7 70. exf7 Ra1+ 71. Ke2 Ra2+ 72. Kd3 Rd2+ 73. Kxc4 Rxd8 74. Ne6+ Kxf7 75. Nxd8+ Kf6 76. Kd4 Kf5 77. Ke3 Kg4 78. Kf2 g5 79. fxg5 1-0


[Site "https://www.chess.com"]

[Event "Titled Tuesday Blitz November 29 Late 2022"]
[White "Abdyzhapar, Asylbek"]
[Black "Adla, Diego"]
[WhiteFideId "13800337"]
[BlackFideId "100072"]
[WhiteElo "2323"]
[BlackElo "2377"]
[Result "1/2-1/2"]
[Round "05"]
[TimeControl "180+1"]
[Date "2022.11.30"]
[WhiteClock "0:01:19"]
[BlackClock "0:00:41"]

1. d4 Nf6 2. Bf4 d5 3. e3 c5 4. c3 Nc6 5. Nd2 Qb6 6. Qb3 c4 7. Qxb6 axb6 8. a3 Bf5 9. Ngf3 b5 10. Rc1 h6 11. h3 e6 12. Be2 g5 13. Bh2 Be7 14. Ne5 h5 15. f3 Nxe5 16. Bxe5 Bg6 17. Kf2 h4 18. Rhe1 Rg8 19. Bd1 Nh5 20. e4 Kd7 21. Bc2 f6 22. Bh2 Bd6 23. Bxd6 Kxd6 24. Re3 Nf4 25. Rce1 Rge8 26. Rd1 Kc6 27. exd5+ exd5 28. Bxg6 Nxg6 29. Rde1 Rxe3 30. Rxe3 Kd7 31. Nf1 Nf4 32. Kg1 Nd3 33. Re2 Re8 34. Ne3 Kc6 35. Kf1 Nc1 36. Re1 Nd3 37. Re2 Nf4 38. Re1 Nd3 39. Re2 1/2-1/2


[Site "https://www.chess.com"]